 Dungeon Crawl Stone Soup version 0.30.0-10-gfe55d96785 (webtiles) character file.

Game seed: 11519270130974733803

30 hito the Chiller (level 3, -2/28 HPs)
             Began as a Ghoul Ice Elementalist on May 15, 2023.
             Slain by a gnoll
             ... wielding a +1 flail of protection
              (3 damage)
             ... on level 2 of the Dungeon.
             The game lasted 00:03:07 (1121 turns).

hito the Chiller (Ghoul Ice Elementalist)           Turns: 1121, Time: 00:03:08

Health: -2/28      AC:  2    Str: 11    XL:     3   Next: 20%
Magic:  0/5        EV: 12    Int: 12    God:
Gold:   31         SH:  0    Dex:  9    Spells: 2/6 levels left

rFire   + . .        d - +0 short sword
rCold   + + .        (no shield)
rNeg    + + +        a - +0 robe
rPois   ∞            (no helmet)
rElec   +            (no cloak)
rCorr   +            (no gloves)
SInv    .            (no boots)
Will    .....        (no amulet)
Stlth   ++           (no ring)
HPRegen 0.00/turn    (no ring)
MPRegen 0.09/turn

%: no passive effects
@: brilliant, resistant, freezing walls, inhibited regen
A: claws 1, cold resistance 1, negative energy resistance 3, inhibited
regeneration, torment resistance 2, devour on kill
a: no special abilities


You were on level 2 of the Dungeon.
You visited 1 branch of the dungeon, and saw 2 of its levels.

You collected 31 gold pieces.

Inventory:

Hand Weapons
 d - a +0 short sword (weapon)
Armour
 a - a +0 robe (worn)
 c - a scarf of harm
Scrolls
 f - a scroll of fog {unknown}
 g - a scroll of butterflies {unknown}
 h - a scroll of poison {unknown}
 j - a scroll of teleportation {unknown}
 k - a scroll of enchant armour {unknown}
Potions
 b - a potion of magic
 i - a potion of resistance
 l - a potion of heal wounds {unknown}


   Skills:
 - Level 1.1 Fighting
 - Level 1.7 Dodging
 - Level 2.1 Stealth
 - Level 2.0 Spellcasting
 + Level 5.2 Ice Magic


You had 2 spell levels left.
You knew the following spells:

 Your Spells              Type           Power      Damage    Failure   Level
a - Freeze                Ice            80%        1d9       3%          1
b - Frozen Ramparts       Ice            40%        1d7       10%         3

Your spell library contained the following spells:

 Spells                   Type           Power      Damage    Failure   Level
 Ozocubu's Armour         Ice            20%        N/A       10%         3
 Summon Ice Beast         Ice/Summ       11%        N/A       67%         4


Dungeon Overview and Level Annotations

Branches:
Dungeon (2/15)

Altars:


Innate Abilities, Weirdness & Mutations

You are immune to poison.
You have sharp fingernails.
Your flesh is cold resistant. (rC+)
You are immune to negative energy. (rN+++)
You do not regenerate when monsters are visible.
You are immune to unholy pain and torment.
You thrive by killing the living.


Message History

You hit the kobold but do no damage.
The kobold is moderately wounded.
The kobold hits you with a +0 dagger.
Your magical contamination has completely faded away.
You closely miss the kobold.
The kobold is moderately wounded.
The kobold barely misses you.
You hit the kobold.
You kill the kobold!
You barely miss the gnoll. The gnoll closely misses you.
You hit the gnoll but do no damage. The gnoll barely misses you.
Casting: Frozen Ramparts (quite dangerous; 10% risk of failure)
Confirm with . or Enter, or press ? or * to list all spells.
The spell is quite dangerous to miscast (10% risk of failure)!
Continue anyway?
Casting: Frozen Ramparts (quite dangerous; 10% risk of failure)
Press: ? - help, Dir - look around, f - activate The walls around you are covered in ice.
The wall freezes the gnoll but does no damage.
The wall freezes the gnoll.
The gnoll hits you with a +1 flail of protection!
The wall freezes the gnoll.
Unknown command.
You closely miss the gnoll.
The gnoll is moderately wounded.
The wall freezes the gnoll. x2
The wall freezes the gnoll but does no damage.
The gnoll hits you with a +1 flail of protection!
* * * LOW HITPOINT WARNING * * *
Unknown command.
It was a potion of resistance.
You feel protected.
The wall freezes the gnoll.
The wall freezes the gnoll but does no damage.
The gnoll closely misses you.
The wall freezes the gnoll but does no damage.
It was a potion of brilliance.
You feel clever all of a sudden.
The wall freezes the gnoll but does no damage.
The gnoll hits you with a +1 flail of protection.
You die...

#.........
#.........
#.........
#.###.........
#.........K...
#####g###...#. #g#
## #g# ##@# #..#
#.## ##.## #
##...##.# #.......#
##....####
#.......##########.
#........).........


You could see 3 gnolls.

Vanquished Creatures
  2 dart slugs (D:1)
  A bat (D:1)
  3 endoplasms (D:1)
  4 giant cockroaches (D:1)
  2 goblins (D:1)
  A hobgoblin (D:1)
  4 kobolds
  3 ball pythons (D:1)
  4 frilled lizards
24 creatures vanquished.

Notes
Turn   | Place    | Note
-------+----------+-------------------------------------------
     0 | D:1      | hito the Ghoul Ice Elementalist began the quest for the
                  | Orb.
     0 | D:1      | Reached XP level 1. HP: 14/14 MP: 2/2
   137 | D:1      | Reached skill level 1 in Fighting
   183 | D:1      | Reached XP level 2. HP: 23/23 MP: 1/3
   619 | D:1      | Reached skill level 5 in Ice Magic
   619 | D:1      | Reached XP level 3. HP: 25/28 MP: 0/5
   686 | D:1      | Learned a level 3 spell: Frozen Ramparts
  1119 | D:2      | HP: 1/28 [gnoll/+1 flail of protection (11)]
  1121 | D:2      | Slain by a gnoll

Illustrated notes

Levels and vault maps discovered:
D:1:      lemuel_arrival_rhombus, layout_loops_ring
D:2:      layout_loops_ring, serial_shops, shop, nicolae_shop_tiny_waterfront,
          nicolae_shop_pleasant_corner_grove, minmay_tetromino_i4

Skill      XL: |  1  2 |
---------------+-------+-----
Fighting       | 1 |  1.1
Spellcasting   | 2 |  2.0
Ice Magic      | 5 |  5.2
Dodging        | |  1.7
Stealth        | |  2.1

Action                     || total
---------------------------++-------
  Melee: Short sword       ||    67
   Cast: Freeze            ||    29
         Frozen Ramparts   ||     1
    Use: Potion            ||     2
 Armour: Robe              ||    17
  Dodge: Dodged            ||    52
